 Dungeon Crawl Stone Soup version 0.30-a0-368-g86fb4627a9 (webtiles) character file.

Game seed: 10246675119083378033

38 greasedhog the Trooper (level 3, -3/30 HPs)
             Began as a Merfolk Fighter on Nov 19, 2022.
             Succumbed to a scorpion's poison
             ... on level 3 of the Dungeon.
             The game lasted 00:02:23 (1936 turns).

greasedhog the Trooper (Merfolk Fighter)            Turns: 1936, Time: 00:02:23

Health: -3/30      AC:  4    Str: 14 (16) XL:     3   Next: 43%
Magic:  3/3        EV: 10    Int:  4 (7)  God:
Gold:   84         SH:  5    Dex: 14 (15) Spells: 2/2 levels left

rFire   . . .      SeeInvis .    a - +0 long sword
rCold   . . .      Faith    .    c - +0 buckler
rNeg    . . .      Spirit   .    l - +0 leather armour
rPois   .          Reflect  .    (no helmet)
rElec   .          Harm     .    (no cloak)
rCorr   .          Rampage  .    k - +0 pair of gloves
Will    .....                    (no boots)
Stlth   ++........               (no amulet)
HPRegen 0.25/turn                (no ring)
MPRegen 0.08/turn                (no ring)

@: lethally poisoned (-3 -> -27)
A: (nimble swimmer 2), mertail
a: no special abilities


You were on level 3 of the Dungeon.
You visited 1 branch of the dungeon, and saw 3 of its levels.

You collected 84 gold pieces.

Inventory:

Hand Weapons
 a - a +0 long sword (weapon)
Armour
 c - a +0 buckler (worn)
 k - a +0 pair of gloves (worn)
 l - a +0 leather armour (worn)
Scrolls
 b - a scroll of blinking
 i - a scroll of noise {unknown}
 o - a scroll of vulnerability {unknown}
Potions
 d - a potion of might
 e - a potion of magic
 f - 3 potions of haste
 h - a potion of ambrosia {unknown}
 j - a potion of attraction {unknown}
 m - a potion of brilliance {unknown}
 n - a potion of curing {unknown}


   Skills:
 * Level 3.9 Fighting
 * Level 3.2 Long Blades
 - Level 2.1 Armour
 * Level 1.9 Stealth
 - Level 3.0 Shields


You had 2 spell levels left.
You didn't know any spells.
Your spell library contained the following spells:

 Spells                   Type           Power      Damage    Failure   Level
 Apportation              Tloc           0%         N/A       67%         1
 Ensorcelled Hibernation  Hex/Ice        0%         N/A       82%         2
 Spider Form              Tmut/Pois      0%         N/A       96%         3
 Anguish                  Hex/Necr       0%         N/A       100%        4
 Alistair's Intoxication  Tmut/Pois      0%         N/A       100%        5
 Fireball                 Conj/Fire      0%         3d3       100%        5
 Iskenderun's Battlesphe  Conj           0%         2d6       100%        5
 Conjure Ball Lightning   Conj/Air       0%         3x3d6     100%        6
 Orb of Destruction       Conj           0%         9d5       100%        7


Dungeon Overview and Level Annotations

Branches:
Dungeon (3/15)

Altars:


Innate Abilities, Weirdness & Mutations

((You are very nimble when in or above water. (Stealth+, EV+, Speed+++)))
Your lower body shifts to a powerful aquatic tail in water.


Message History

You miss the goblin. The goblin hits you but does no damage.
You slash the goblin!
You kill the goblin!
No target in view!
No target in view!
No target in view!
No target in view!
No target in view!
No target in view!
Found an escape hatch in the ceiling.
A scorpion comes into view.
A scorpion is nearby!
There is an escape hatch in the ceiling here.
You hit the scorpion.
The scorpion is lightly wounded.
The scorpion stings you.
You are poisoned.
The scorpion poisons you!
You barely miss the scorpion.
The scorpion is lightly wounded.
You feel very sick. The scorpion stings you. You block the scorpion's attack.
You hit the scorpion but do no damage.
The scorpion is lightly wounded.
You feel sick. The scorpion stings you.
You are lethally poisoned!
The scorpion poisons you! The scorpion stings you.
You are more poisoned.
The scorpion poisons you!
Sorry, you're not good enough to have a special ability.
Blink to where?
Press: ? - help, Dir - move target
As you read the scroll labelled KUTANK DOTUM, it crumbles to dust.
It was a scroll of blinking.
* * * LOW HITPOINT WARNING * * *
You feel extremely sick.
It was a potion of degeneration.
There was something very wrong with that liquid.
You feel weakened.
You feel dopey.
You feel clumsy.
You die...

#......# #.##..........
#...s..# #..#........##
#......# #...........#
#......# ##..........#
#......### #..†.......#
#......#.# #..<.#######
#......#.####.#..########
#####....................
####@####.#.########. #.#
#.#.# #.# #.#.# #.# #.#.#
#.####.#.#####.
#..............
#......#.#####.
#.####.#.# #####.####.#.#


You could see a scorpion.

Vanquished Creatures
  A dart slug (D:1)
  4 endoplasms
  A giant cockroach (D:1)
  6 goblins
  3 hobgoblins
  A quokka (D:1)
  3 ball pythons
  3 bats
  2 frilled lizards (D:3)
  4 kobolds
  7 rats
35 creatures vanquished.

Notes
Turn   | Place    | Note
-------+----------+-------------------------------------------
     0 | D:1      | greasedhog the Merfolk Fighter began the quest for the Orb.
     0 | D:1      | Reached XP level 1. HP: 18/18 MP: 1/1
   100 | D:1      | Reached skill level 1 in Stealth
   100 | D:1      | Reached XP level 2. HP: 24/24 MP: 2/2
  1436 | D:2      | Reached XP level 3. HP: 30/30 MP: 3/3
  1626 | D:2      | Found a faded altar of an unknown god.
  1927 | D:3      | Noticed a scorpion
  1936 | D:3      | Succumbed to a scorpion's poison

Illustrated notes

Levels and vault maps discovered:
D:1:      dpeg_arrival_tiny_d, layout_basic
D:2:      layout_basic, basic_ecumenical_altar, kennysheep_generic_room_4
D:3:      layout_basic, nicolae_wu_jian_glorious_leap

Skill      XL: |  1  2 |
---------------+-------+-----
Stealth        | 1 |  1.9
Long Blades    | 3 |  3.2
Fighting       | |  3.9
Armour         | |  2.1
Shields        | |  3.0

Action                   || total
-------------------------++-------
Melee: Long sword        ||    82
  Use: Scroll            ||     3
       Potion            ||     1
 Stab: Sleeping          ||     3
Armor: Scale mail        ||     8
       Leather armour    ||    18
Dodge: Dodged            ||    41
Block: Buckler           ||    20

Table legend: (Time is in decaauts)
 A = Elapsed time spent in this place.
 B = Non-inter-level travel time spent in this place.
 C = Inter-level travel time spent in this place.
 D = Time resting spent in this place.
 E = Time spent auto-exploring this place.
 F = Levels seen in this place.
 G = Mean time per level.
                   A        B        C        D        E       F      G
               +--------+--------+--------+--------+--------+-----+--------+
         Total |   1957 |   1838 |    119 |     29 |   1517 |   3 |  652.3 |
       Dungeon |   1957 |   1838 |    119 |     29 |   1517 |   3 |  652.3 |
               +--------+--------+--------+--------+--------+-----+--------+

Top non-repeatable levels by time:
     D:2: 861 daAuts
     D:1: 855 daAuts
     D:3: 241 daAuts
